AoeStats
← LWV | ChrisJedai

Arena

510181763Analyzed
3v3 RM · 2d ago on Sep 29, 2026· 16m 30s· 6 players
Game mode
Random Map
Map size
Normal (6 player)
Population
200
Speed
Normal
Resources
Standard
Victory
Conquest
Starting age
Dark Age
Ending age
Imperial Age
RankedLock teamsTeams togetherTeam positionsShared explorationLock speedFull tech treeHidden civsTurbo modeCheats
Victory
Defeat
🇨🇱 Hindustanis · Chile
1165
+12
🇨🇱 Italians · Chile
1144
+13
🇨🇱 Khmer · Chile
1099
+14
🇨🇴 Varangians · Colombia
1130
-15
🇮🇹 Romans · Italy
1083
-14
🇹🇷 Teutons · Türkiye
993
-10
☾★Ertugrul☾★
10:27 Feudal Age
15:40 Castle Age
14:03 Double-Bit Axe
14:25 Horse Collar
Khruner
12:18 Feudal Age
16:39 Castle Age
14:33 Man-at-Arms
15:51 Scale Mail Armor
COL | TheFaura
10:59 Feudal Age
15:10 Castle Age
13:24 Double-Bit Axe
13:26 Loom
13:49 Horse Collar
LWV | planb
9:23 Loom
11:08 Feudal Age
12:03 Double-Bit Axe
15:13 Castle Age
13:29 Gold Mining
14:29 Fletching
16:13 Bow Saw
LWV | AndresO11
10:21 Feudal Age
14:27 Castle Age
13:20 Double-Bit Axe
13:52 Gold Mining
13:45 Horse Collar
13:53 Loom
15:31 Wheelbarrow
15:33 Bow Saw
16:49 Husbandry
LWV | ChrisJedai
10:41 Feudal Age
14:02 Castle Age
12:47 Double-Bit Axe
12:47 Horse Collar
14:57 Bow Saw
Connection lost

Rejoining the realm…

Still unreachable

The connection could not be restored.

Session expired

The server has moved on; the page needs a fresh start.